[Event "Titled Tuesday Blitz April 26 Early 2022"]
[White "Tatarinov, Dmitry"]
[Black "Svane, Frederik"]
[WhiteFideId "24160067"]
[BlackFideId "12923044"]
[WhiteElo "2302"]
[BlackElo "2459"]
[Result "0-1"]
[Round "07"]
[TimeControl "180+1"]
[Date "2022.04.26"]
[WhiteClock "0:00:28"]
[BlackClock "0:00:07"]

1. d4 Nf6 2. c4 e6 3. Nf3 d5 4. g3 Bb4+ 5. Bd2 Be7 6. Bg2 O-O 7. O-O c6 8. Qc2 b6 9. Rc1 Nbd7 10. a4 a5 11. Bf4 Ba6 12. cxd5 cxd5 13. Nc3 Rc8 14. Qd1 Nb8 15. Nb5 Nc6 16. Bc7 Rxc7 17. Nxc7 Qxc7 18. Ne5 Bb7 19. Rc2 Qd6 20. Nf3 Nb4 21. Rcc1 Nd7 22. Ra3 Ba6 23. Bf1 h6 24. Kg2 Bb7 25. e3 e5 26. Bb5 exd4 27. Nxd4 Nc5 28. Qf3 Qf6 29. Qxf6 Bxf6 30. Rd1 g6 31. Rc3 Kg7 32. Rcc1 Rd8 33. h4 h5 34. Kg1 Rc8 35. Rc3 Rc7 36. Rcc1 Re7 37. Rc3 Re4 38. Kg2 Kf8 39. Rcc1 Ke7 40. Rc3 Kd6 41. Rcc1 Bxd4 42. Rxd4 Rxd4 43. exd4 Ne6 44. Rd1 Nc2 45. Be8 Ke7 46. Bb5 Ncxd4 47. Bd3 Nb3 48. Re1 Nc5 49. Bb5 Kd6 50. Be8 Ke7 51. Bb5 Bc8 52. Bc6 Nd3 53. Rd1 Nb4 54. Bb5 Nc7 55. Re1+ Kd6 56. Rc1 Be6 57. Kf3 Bf5 58. Kf4 Ne6+ 59. Kf3 Nd4+ 60. Kf4 Nxb5 61. axb5 Nd3+ 0-1


[Site "https://www.chess.com"]

[Event "Titled Tuesday Blitz April 26 Early 2022"]
[White "Terry, Renato"]
[Black "Moskalenko, Alexander"]
[WhiteFideId "3803457"]
[BlackFideId "4155351"]
[WhiteElo "2577"]
[BlackElo "2434"]
[Result "1-0"]
[Round "07"]
[TimeControl "180+1"]
[Date "2022.04.26"]
[WhiteClock "0:02:13"]
[BlackClock "0:01:39"]

1. d4 d5 2. Bg5 e6 3. Bxd8 Kxd8 4. e3 Bd6 5. c4 c6 6. Nc3 f5 7. Nf3 Nf6 8. Bd3 Ke7 9. Rc1 Nbd7 10. O-O Ne4 11. Bxe4 fxe4 12. Nd2 Nf6 13. f3 exf3 14. Nxf3 Bd7 15. Ne5 Be8 16. Qe2 Bh5 17. Qf2 Rhf8 18. Qh4 h6 19. cxd5 g5 20. Qh3 exd5 21. Rxf6 Rxf6 22. Qxh5 Rg8 23. Rf1 Rxf1+ 24. Kxf1 1-0


[Site "https://www.chess.com"]

[Event "Titled Tuesday Blitz April 26 Early 2022"]
[White "Terzi, Alexei"]
[Black "Mihailidis, Anastasios"]
[WhiteFideId "13505076"]
[BlackFideId "4205588"]
[WhiteElo "2031"]
[BlackElo "2312"]
[Result "1-0"]
[Round "07"]
[TimeControl "180+1"]
[Date "2022.04.26"]
[WhiteClock "0:00:55"]
[BlackClock "0:01:23"]

1. e4 c5 2. Nc3 Nc6 3. Bb5 d6 4. Bxc6+ bxc6 5. d3 g6 6. f4 Bg7 7. Nf3 e6 8. O-O Ne7 9. Be3 O-O 10. Bf2 Rb8 11. Rb1 Qa5 12. Be1 Qb6 13. e5 dxe5 14. fxe5 Nf5 15. Bf2 Nd4 16. Ne4 f5 17. exf6 Bxf6 18. Nxf6+ Rxf6 19. Nxd4 cxd4 20. Bh4 Rf5 21. Rxf5 exf5 22. Qe2 Qc7 23. Qe8+ Kg7 24. Re1 Kh6 25. Re7 Qf4 26. Qf8+ Kh5 27. Rxh7+ Kg4 28. h3# 1-0


[Site "https://www.chess.com"]

[Event "Titled Tuesday Blitz April 26 Early 2022"]
[White "Todorovic, Bojan"]
[Black "Hua, Lefong"]
[WhiteFideId "917087"]
[BlackFideId "2602253"]
[WhiteElo "2266"]
[BlackElo "2617"]
[Result "1-0"]
[Round "07"]
[TimeControl "180+1"]
[Date "2022.04.26"]
[WhiteClock "0:00:27"]
[BlackClock "0:00:22"]

1. d4 Nf6 2. c4 c5 3. d5 e6 4. Nc3 exd5 5. cxd5 d6 6. Nf3 g6 7. Bf4 a6 8. a4 Bg7 9. Nd2 O-O 10. Nc4 Ne8 11. Qd2 b6 12. g3 Ra7 13. Bg2 Re7 14. O-O Qc7 15. Ne4 Rxe4 16. Bxe4 Nd7 17. Bg2 b5 18. axb5 axb5 19. Na5 Ne5 20. Nc6 Nc4 21. Qc2 Bb7 22. Ra7 Qb6 23. Ra2 Bxc6 24. dxc6 Nc7 25. b3 Ne5 26. Rd1 Rd8 27. Bg5 f6 28. Be3 Na6 29. c7 Rc8 30. Qd2 Nb4 31. Ra8 Rxa8 32. Bxa8 Qxc7 33. Qxd6 Qxd6 34. Rxd6 c4 35. bxc4 bxc4 36. Bc5 Na2 37. Rd8+ Kf7 38. Bd5# 1-0


[Site "https://www.chess.com"]

[Event "Titled Tuesday Blitz April 26 Early 2022"]
[White "Toncheva, Nadya"]
[Black "Vovk, Orest"]
[WhiteFideId "2924056"]
[BlackFideId "14113490"]
[WhiteElo "1884"]
[BlackElo "2203"]
[Result "0-1"]
[Round "07"]
[TimeControl "180+1"]
[Date "2022.04.26"]
[WhiteClock "0:00:01"]
[BlackClock "0:01:26"]

1. e4 d6 2. d4 Nd7 3. Nf3 e5 4. Bc4 Ngf6 5. Nc3 exd4 6. Nxd4 Be7 7. O-O O-O 8. Re1 Ne5 9. Bf1 Nfd7 10. h3 Nc5 11. f4 Nc6 12. Be3 Nxd4 13. Bxd4 Ne6 14. Be3 Bh4 15. Re2 Bg3 16. Qd2 Qh4 17. f5 Nf4 18. Bxf4 Bxf4 19. Qd3 Bd7 20. Nd5 Be5 21. Nxc7 Rac8 22. Nd5 a6 23. a4 Rc5 24. c3 Rxd5 25. exd5 Qf4 26. g3 Qg5 27. Rxe5 dxe5 28. g4 h5 29. Be2 b5 30. Qe4 bxa4 31. Bxa6 hxg4 32. hxg4 Rb8 33. Qe2 e4 34. Qxe4 Rxb2 35. Be2 Qd2 36. Kf1 Qxc3 37. Rd1 Qh3+ 38. Kg1 Bb5 39. Bxb5 Qh2+ 40. Kf1 Qf2# 0-1


[Site "https://www.chess.com"]

[Event "Titled Tuesday Blitz April 26 Early 2022"]
[White "Urbina Perez, Juan Antonio"]
[Black "Lakshmi C"]
[WhiteFideId "2217368"]
[BlackFideId "25035347"]
[WhiteElo "2192"]
[BlackElo "1775"]
[Result "1-0"]
[Round "07"]
[TimeControl "180+1"]
[Date "2022.04.26"]
[WhiteClock "0:00:06"]
[BlackClock "0:00:01"]

1. Nf3 Nf6 2. e3 g6 3. b3 Bg7 4. Bb2 O-O 5. c4 c5 6. Be2 d6 7. O-O e5 8. d4 cxd4 9. exd4 e4 10. Ne1 d5 11. Nc3 Re8 12. Nc2 Nc6 13. c5 a5 14. a3 h5 15. b4 Ng4 16. b5 Ne7 17. Ne3 f5 18. Qb3 Be6 19. h3 Nf6 20. a4 f4 21. Nc2 Qc8 22. Kh2 Bh6 23. f3 Bf5 24. fxe4 Bxe4 25. Nxe4 Nxe4 26. Rad1 Ng3 27. Rf2 Qf5 28. Bf3 Kh7 29. Qd3 Ne4 30. Rff1 Ng8 31. Bc1 Ngf6 32. Rde1 Qg5 33. Bxe4 dxe4 34. Qc3 Qh4 35. Kg1 e3 36. d5 Ne4 37. Qd3 Nf2 38. Qe2 Qg3 39. Qf3 Nxh3+ 40. Kh1 Nf2+ 41. Kg1 Qh4 42. Rxf2 exf2+ 43. Qxf2 Rxe1+ 44. Nxe1 Qxf2+ 45. Kxf2 Re8 46. d6 Re4 47. d7 Rd4 48. c6 bxc6 49. bxc6 Bg5 50. c7 Rxd7 51. c8=Q Re7 52. Qf8 Bh4+ 53. Kf3 g5 54. Qxe7+ Kg6 55. Qe6+ Kg7 56. Qd7+ Kh6 57. Bxf4 gxf4 58. Qe6+ Kg5 59. Nd3 Bg3 60. Nxf4 Bxf4 61. Qd5+ Kh4 62. Qe6 Bg5 63. Qh3# 1-0


[Site "https://www.chess.com"]

[Event "Titled Tuesday Blitz April 26 Early 2022"]
[White "Vagman, Roy"]
[Black "Piesik, Piotr"]
[WhiteFideId "2828995"]
[BlackFideId "1136194"]
[WhiteElo "1927"]
[BlackElo "2190"]
[Result "0-1"]
[Round "07"]
[TimeControl "180+1"]
[Date "2022.04.26"]
[WhiteClock "0:00:06"]
[BlackClock "0:00:10"]

1. d4 c5 2. dxc5 e6 3. e3 Bxc5 4. Nf3 d5 5. Be2 Nf6 6. c4 O-O 7. Nc3 Nc6 8. cxd5 exd5 9. O-O Bg4 10. b3 Rc8 11. Na4 Bd6 12. Bb2 Ne4 13. h3 Bh5 14. Nd4 Bxe2 15. Qxe2 Bb8 16. Nf5 Be5 17. Rac1 Qf6 18. Bxe5 Nxe5 19. Nd4 a6 20. f4 Ng3 21. Qe1 Nxf1 22. fxe5 Qxe5 23. Kxf1 f5 24. Nc5 f4 25. Nf3 fxe3 26. Nd7 Rxf3+ 27. gxf3 e2+ 28. Kf2 Qh2+ 29. Ke3 Re8+ 30. Kd3 Qxh3 31. Nc5 Qxf3+ 32. Kc2 d4 33. Kb2 d3 34. Qd2 Qf6+ 35. Kb1 Qf1 36. Nxd3 Qf5 37. Ka1 Rd8 38. Qxe2 Qxd3 39. Qxd3 Rxd3 40. Rc8+ Kf7 41. Rc7+ Kf6 42. Rxb7 Rd6 43. a4 h5 44. b4 h4 45. Rb8 g5 46. a5 g4 47. Rb6 Ke5 48. b5 axb5 49. Rxb5+ Kf4 50. Rb4+ Kg3 51. Rb6 Rd5 52. a6 Ra5+ 53. Kb2 h3 54. Rb3+ Kg2 55. Ra3 Rxa6 56. Rxa6 h2 57. Rg6 g3 58. Rh6 h1=Q 59. Rc6 Qf1 60. Rc2+ Kh1 61. Rc1 g2 62. Rc6 g1=Q 63. Rh6+ Qh2+ 64. Rxh2+ Kxh2 65. Kc3 Qf2 66. Kd3 Kg3 67. Ke4 Qf3+ 68. Kd4 Qf4+ 69. Kd5 Kf3 70. Kc5 Ke4 0-1


[Site "https://www.chess.com"]

[Event "Titled Tuesday Blitz April 26 Early 2022"]
[White "Vakhlamov, Igor L."]
[Black "Riehle, Marco"]
[WhiteFideId "24126748"]
[BlackFideId "12904392"]
[WhiteElo "2401"]
[BlackElo "2462"]
[Result "0-1"]
[Round "07"]
[TimeControl "180+1"]
[Date "2022.04.26"]
[WhiteClock "0:00:10"]
[BlackClock "0:00:16"]

1. e4 e5 2. Nf3 Nf6 3. Nc3 Nc6 4. Bb5 Bc5 5. O-O O-O 6. Nxe5 Nxe5 7. d4 Bd6 8. f4 Neg4 9. e5 Bb4 10. h3 Re8 11. hxg4 Bxc3 12. bxc3 Nd5 13. Qf3 c6 14. Bc4 d6 15. Ba3 dxe5 16. dxe5 Qb6+ 17. Kh2 Ne3 18. Rfb1 Nxg4+ 19. Kg3 Qc7 20. Bd6 Qa5 21. Rh1 Bf5 22. Rh5 g6 23. Rxf5 gxf5 24. Qd3 Re6 25. Bxe6 fxe6 26. Rb1 b5 27. a3 Qb6 28. Qd4 Qb7 29. Rh1 Qg7 30. Kf3 Qb7 31. Qc5 Rd8 32. Rh5 Rd7 33. Ke2 Rg7 34. c4 bxc4 35. Qxc4 Qb5 36. Qxb5 cxb5 37. Rh1 a6 38. a4 bxa4 39. Ra1 Nh6 40. Kf3 Nf7 41. Rxa4 h5 42. Rxa6 h4 43. Ra8+ Kh7 44. Kf2 Nh6 45. Re8 Ng4+ 46. Kf3 Nh2+ 47. Kf2 Rg3 48. Re7+ Kg8 49. Rxe6 Ng4+ 50. Ke1 Rxg2 51. Rg6+ Kf7 52. Rg5 h3 53. Rxf5+ Ke6 54. Rh5 h2 55. f5+ Kd7 56. Rh7+ Kc6 57. f6 Nxf6 58. exf6 Kxd6 59. f7 Ke7 60. Kf1 Rg1+ 61. Kf2 h1=Q 62. f8=Q+ Kxf8 63. Rxh1 Rxh1 64. Kg2 Rh6 65. Kf3 Ke7 66. Ke3 Rd6 67. Ke4 Kd7 68. c4 Kc6 69. c5 Kxc5 0-1


[Site "https://www.chess.com"]

[Event "Titled Tuesday Blitz April 26 Early 2022"]
[White "Vasquez Schroeder, Rodrigo"]
[Black "Koellner, Ruben Gideon"]
[WhiteFideId "3400042"]
[BlackFideId "12993093"]
[WhiteElo "2561"]
[BlackElo "2600"]
[Result "1-0"]
[Round "07"]
[TimeControl "180+1"]
[Date "2022.04.26"]
[WhiteClock "0:00:21"]
[BlackClock "0:00:10"]

1. e4 d6 2. d4 Nf6 3. Nc3 e5 4. Nf3 Nbd7 5. Bc4 Be7 6. O-O c6 7. a4 h6 8. Qe2 Qc7 9. Rd1 Nf8 10. Bb3 Ng6 11. Qc4 O-O 12. h3 Bd8 13. Qe2 Be7 14. a5 Nh5 15. Be3 Nhf4 16. Qc4 Bd8 17. dxe5 dxe5 18. Bc5 Be6 19. Qb4 Be7 20. Bxe7 Nxe7 21. Bxe6 Nxe6 22. Qc4 Rfd8 23. b4 a6 24. g3 Ng6 25. Kh2 Rxd1 26. Rxd1 Rd8 27. Rd3 Rxd3 28. Qxd3 Qe7 29. Qc4 Qd6 30. Kg2 Kf8 31. Ne2 Ke7 32. h4 Ngf8 33. h5 Nd7 34. Nh4 Qd2 35. Nf5+ Kf8 36. Ng1 Ng5 37. Ne3 Qd4 38. Nf3 Qxe4 39. Qxe4 Nxe4 40. Nf5 f6 41. Ne1 Nc3 42. Nd6 Nd5 43. Nd3 b6 44. c4 Ne7 45. b5 cxb5 46. cxb5 axb5 47. a6 Nc6 48. Nxb5 e4 49. Nb4 Nde5 50. Nxc6 Nxc6 51. a7 Nxa7 52. Nxa7 Ke7 53. Kf1 Kd6 54. Ke2 Ke5 55. Ke3 f5 56. Nc6+ Kd5 57. Nd4 Ke5 58. Nb5 Kd5 59. Kf4 Kc4 60. Nd6+ Kd5 61. Nxf5 b5 62. Ke3 b4 63. Nd4 Ke5 64. Nc6+ Kf5 65. Nxb4 Kg4 66. Kxe4 Kxh5 67. Kf5 g6+ 68. Kf6 g5 69. Kf5 g4 70. Kf4 Kg6 71. Kxg4 Kf6 72. Kh4 Ke5 73. f4+ Ke4 74. Kh5 Kf5 75. Kxh6 Kg4 76. Nd5 Kxg3 77. f5 1-0


[Site "https://www.chess.com"]

[Event "Titled Tuesday Blitz April 26 Early 2022"]
[White "Wagner, Dennis"]
[Black "Skliarov, Viktor"]
[WhiteFideId "24650684"]
[BlackFideId "14106736"]
[WhiteElo "2355"]
[BlackElo "2229"]
[Result "1-0"]
[Round "07"]
[TimeControl "180+1"]
[Date "2022.04.26"]
[WhiteClock "0:00:04"]
[BlackClock "0:00:05"]

1. d4 Nf6 2. c4 e6 3. Nc3 Bb4 4. g3 c5 5. Nf3 cxd4 6. Nxd4 Nc6 7. Bg2 Qb6 8. Nb5 Ng4 9. O-O a6 10. Nd6+ Ke7 11. Nce4 f5 12. Bg5+ Nf6 13. c5 Bxc5 14. Nc4 Qa7 15. Nxc5 Qxc5 16. Rc1 d5 17. Be3 Qb5 18. a4 Qb4 19. Bd2 Qc5 20. b4 Qd4 21. e3 Qg4 22. f3 Qg6 23. Nb6 Rb8 24. b5 axb5 25. axb5 Ne5 26. Bb4+ Kf7 27. Rc7+ Ned7 28. Qd4 Re8 29. Rfc1 Kg8 30. Nxc8 e5 31. Qd2 f4 32. exf4 exf4 33. Qxf4 Kh8 34. Ne7 Qd3 35. Bf1 Qb3 36. Nf5 Rg8 37. Nd6 Rbf8 38. Nxb7 Ne4 39. Bxf8 Rxf8 40. Rxd7 Rg8 41. fxe4 h6 42. exd5 Qb2 43. Nd6 1-0


[Site "https://www.chess.com"]

[Event "Titled Tuesday Blitz April 26 Early 2022"]
[White "Winkels, Marcel"]
[Black "Murthy, Pappu"]
[WhiteFideId "1003887"]
[BlackFideId "2013401"]
[WhiteElo "1900"]
[BlackElo "1981"]
[Result "1-0"]
[Round "07"]
[TimeControl "180+1"]
[Date "2022.04.26"]
[WhiteClock "0:00:09"]
[BlackClock "0:00:17"]

1. e4 e6 2. d3 d5 3. Nd2 dxe4 4. dxe4 Nf6 5. Ngf3 Nc6 6. Bd3 Bc5 7. O-O e5 8. Nc4 Qe7 9. h3 O-O 10. b3 Nd4 11. Bb2 Nxf3+ 12. Qxf3 Bd6 13. Rad1 a6 14. Ne3 c6 15. Nf5 Bxf5 16. Qxf5 g6 17. Qg5 Rfe8 18. f4 Bc5+ 19. Kh2 Nd7 20. Qh6 f6 21. Bc4+ Kh8 22. Rd3 Nb6 23. Rfd1 Qg7 24. Qh4 Nxc4 25. bxc4 Bb6 26. fxe5 fxe5 27. Qg5 Re7 28. Bc3 Rae8 29. Bb4 c5 30. Bc3 h6 31. Qg3 Kh7 32. Rd5 Bc7 33. Rf1 b6 34. Qf3 b5 35. cxb5 axb5 36. Rxc5 Bb6 37. Rxb5 Bd4 38. Bxd4 exd4 39. Re1 h5 40. e5 Rxe5 41. Rbxe5 Rxe5 42. Rxe5 Qxe5+ 43. Qg3 Qe2 44. Qc7+ Kh6 45. a4 d3 46. cxd3 Qxd3 47. a5 Qa6 48. Qb6 Qf1 49. Qd6 h4 50. a6 Qf7 51. Qe5 Qa7 52. Qf4+ Kh7 53. Qxh4+ Kg7 54. Qc4 Qb8+ 55. Kg1 Qb1+ 56. Kf2 Qb6+ 57. Kf3 Qf6+ 58. Ke4 Qf2 59. Qc7+ Kh6 60. Qf4+ Qxf4+ 61. Kxf4 g5+ 62. Kf5 Kh5 63. a7 Kh4 64. a8=Q g4 65. Qf3 gxf3 66. gxf3 Kxh3 67. f4 Kg3 68. Ke5 Kf3 69. f5 Kg4 70. f6 Kg5 71. f7 Kg6 72. f8=Q Kh7 73. Qf6 Kg8 74. Ke6 Kh7 75. Qg5 Kh8 76. Kf6 Kh7 77. Qg7# 1-0


[Site "https://www.chess.com"]

[Event "Titled Tuesday Blitz April 26 Early 2022"]
[White "Yang, Kaiqi"]
[Black "Xu, Yi"]
[WhiteFideId "8604398"]
[BlackFideId "8605564"]
[WhiteElo "2373"]
[BlackElo "2471"]
[Result "1/2-1/2"]
[Round "07"]
[TimeControl "180+1"]
[Date "2022.04.26"]
[WhiteClock "0:00:06"]
[BlackClock "0:00:10"]

1. d4 Nf6 2. c4 e6 3. Bf4 d5 4. cxd5 exd5 5. e3 Bd6 6. Bg3 c6 7. Nc3 Bf5 8. Qb3 Bxg3 9. hxg3 Qc8 10. Nf3 Nbd7 11. Nh4 Be6 12. Bd3 Nb6 13. Qc2 Qd7 14. Nf5 Rg8 15. Nh4 g6 16. Nf3 h5 17. Ne5 Qe7 18. O-O-O O-O-O 19. Na4 Nxa4 20. Qxa4 Kb8 21. Kb1 Nd7 22. Nxd7+ Qxd7 23. Rc1 Bf5 24. Bxf5 Qxf5+ 25. Rc2 Rge8 26. Ka1 Re6 27. Rb1 a6 28. b4 Qd3 29. Qb3 Qxb3 30. Rxb3 Rh8 31. a4 g5 32. b5 axb5 33. axb5 Kc7 34. b6+ Kd7 35. Ra2 Rf6 36. Ra7 Rb8 37. Rb2 h4 38. gxh4 gxh4 39. Kb1 Rg6 40. f3 c5 41. dxc5 Kc6 42. Ra4 Rbg8 43. Rxh4 Rxg2 44. Rf4 Kxc5 45. Rxf7 Rxb2+ 46. Kxb2 Kxb6 47. Kc3 Kc5 48. Rxb7 Rf8 49. f4 Ra8 50. Rc7+ Kd6 51. Rh7 Ra3+ 52. Kd4 Ra4+ 53. Kd3 Ra3+ 54. Ke2 Ra1 55. Rh8 Ke6 56. Re8+ Kd7 57. Re5 Kd6 58. Re8 Rh1 59. Kd3 Rd1+ 60. Ke2 Rh1 61. Re5 Rh3 62. Kd3 Rh1 63. Rg5 Rd1+ 64. Ke2 Ra1 65. Rg6+ Ke7 66. Kd3 Ra4 67. Rb6 Kd7 68. Ke2 Ke7 69. Kf3 Ra3 70. f5 d4 71. Ke4 Rxe3+ 72. Kxd4 Re1 73. Rh6 Rd1+ 74. Ke4 Re1+ 75. Kf4 Kf7 76. Rh7+ Kf6 77. Rh6+ Kf7 78. Rh7+ Kf6 79. Rh6+ Kf7 1/2-1/2


[Site "https://www.chess.com"]

[Event "Titled Tuesday Blitz April 26 Early 2022"]
[White "Yeremyan, Alen"]
[Black "Khusenkhojaev, Muhammad"]
[WhiteFideId "13308998"]
[BlackFideId "14700247"]
[WhiteElo "2158"]
[BlackElo "2180"]
[Result "1-0"]
[Round "07"]
[TimeControl "180+1"]
[Date "2022.04.26"]
[WhiteClock "0:01:48"]
[BlackClock "0:00:19"]

1. e4 c5 2. Nc3 d6 3. f4 Nc6 4. Nf3 g6 5. Bc4 Bg7 6. O-O e6 7. d3 Nge7 8. f5 exf5 9. Qe1 O-O 10. Qh4 Be6 11. Bxe6 fxe6 12. Ng5 h5 13. Nxe6 Qd7 14. Nxf8 Rxf8 15. Bg5 Rf7 16. Rae1 Nd4 17. Bxe7 Rxe7 18. Nd5 Rf7 19. c3 Nc6 20. exf5 Rxf5 21. Ne7+ Nxe7 22. Rxe7 Rxf1+ 23. Kxf1 Qf5+ 24. Ke2 Bf6 25. Re8+ Kf7 26. Qe4 Qxe4+ 27. Rxe4 b5 28. h3 a5 29. a4 d5 30. Rf4 b4 31. cxb4 cxb4 32. b3 Ke6 33. Rf1 g5 34. Rc1 Bc3 35. Rf1 Be5 36. g4 hxg4 37. hxg4 Bf4 38. Rh1 Ke5 39. Rh6 Kd4 40. Rc6 Be5 41. Kd2 Bf4+ 42. Kc2 Ke3 43. Rc5 Kf3 44. Rxa5 Kxg4 45. Rxd5 Kf3 46. a5 g4 47. a6 g3 48. a7 g2 49. a8=Q g1=Q 50. Rg5+ 1-0


[Site "https://www.chess.com"]

[Event "Titled Tuesday Blitz April 26 Early 2022"]
[White "Yuan, Qingyu"]
[Black "Bortnyk, Olexandr"]
[WhiteFideId "8609772"]
[BlackFideId "14120828"]
[WhiteElo "2359"]
[BlackElo "2723"]
[Result "0-1"]
[Round "07"]
[TimeControl "180+1"]
[Date "2022.04.26"]
[WhiteClock "0:00:05"]
[BlackClock "0:00:26"]

1. e4 d6 2. d4 Nf6 3. Nc3 Nbd7 4. Nf3 e5 5. Rg1 exd4 6. Nxd4 Nc5 7. Qe2 g6 8. Bg5 h6 9. Bh4 Bg7 10. e5 O-O 11. O-O-O Re8 12. f4 g5 13. Bg3 Bg4 14. Nf3 Nh5 15. Qf2 gxf4 16. Bh4 Qd7 17. Bc4 Be6 18. Bxe6 Qxe6 19. Nd5 Rac8 20. Kb1 c6 21. Nc3 Bxe5 22. Nxe5 Qxe5 23. g4 Nf6 24. g5 Nfe4 25. gxh6+ Kh7 26. Nxe4 Nxe4 27. Qg2 Rg8 28. Qf3 Rxg1 29. Rxg1 Nd2+ 0-1


[Site "https://www.chess.com"]

[Event "Titled Tuesday Blitz April 26 Early 2022"]
[White "Zhigalko, Sergei"]
[Black "Rozman, Levy"]
[WhiteFideId "13502956"]
[BlackFideId "2039877"]
[WhiteElo "2662"]
[BlackElo "2376"]
[Result "1-0"]
[Round "07"]
[TimeControl "180+1"]
[Date "2022.04.26"]
[WhiteClock "0:01:10"]
[BlackClock "0:00:47"]

1. e4 d5 2. exd5 Nf6 3. d4 Bg4 4. Bb5+ c6 5. dxc6 Nxc6 6. Nf3 Qa5+ 7. Nc3 O-O-O 8. Bxc6 bxc6 9. Qe2 Rxd4 10. h3 Bxf3 11. Qxf3 Qa6 12. Be3 Rd7 13. Qe2 Qxe2+ 14. Kxe2 e5 15. Rhd1 Nd5 16. Na4 f5 17. Bc5 Bd6 18. c4 Nf4+ 19. Kf1 Rhd8 20. Be3 Nd3 21. Rxd3 1-0


[Site "https://www.chess.com"]

[Event "Titled Tuesday Blitz April 26 Early 2022"]
[White "Aaditya Dhingra"]
[Black "Chuemsakul, Sarocha"]
[WhiteFideId "25678191"]
[BlackFideId "6203710"]
[WhiteElo "1849"]
[BlackElo "1703"]
[Result "1-0"]
[Round "08"]
[TimeControl "180+1"]
[Date "2022.04.26"]
[WhiteClock "0:00:45"]
[BlackClock "0:00:09"]

1. d4 g6 2. e4 Bg7 3. Nc3 a6 4. a4 d6 5. f4 c6 6. Nf3 d5 7. e5 Bg4 8. h3 Bxf3 9. Qxf3 e6 10. Bd3 h5 11. a5 Nd7 12. b4 h4 13. O-O Ne7 14. Na4 Nf5 15. c3 Qe7 16. Nc5 Rb8 17. Ba3 Qd8 18. Bc1 Qe7 19. Bd2 O-O 20. Be1 Kh7 21. Bf2 Rh8 22. Qg4 Kg8 23. Rae1 Kf8 24. Ra1 Rh7 25. c4 dxc4 26. Bxc4 Nxc5 27. bxc5 Rd8 28. Rfd1 Rd7 29. Rab1 Qd8 30. Qf3 Kg8 31. Qe4 Bf8 32. Rd3 Qxa5 33. Rbd1 Qd8 34. R3d2 Be7 35. Qb1 Kg7 36. Bd3 Rh8 37. Bxf5 gxf5 38. Rb2 Qa8 39. Rd3 Rb8 40. g4 hxg3 41. Rxg3+ Kh7 42. Qd1 1-0


[Site "https://www.chess.com"]

[Event "Titled Tuesday Blitz April 26 Early 2022"]
[White "Ajay Krishna, S"]
[Black "Jeet, Jain"]
[WhiteFideId "5096430"]
[BlackFideId "5073022"]
[WhiteElo "2247"]
[BlackElo "2085"]
[Result "1-0"]
[Round "08"]
[TimeControl "180+1"]
[Date "2022.04.26"]
[WhiteClock "0:00:33"]
[BlackClock "0:00:53"]

1. d4 Nf6 2. c4 c5 3. d5 b5 4. cxb5 a6 5. bxa6 d6 6. Nc3 g6 7. e4 Bg7 8. Nf3 O-O 9. Be2 Bxa6 10. O-O Nbd7 11. a4 Qa5 12. Bd2 Rfb8 13. Nb5 Qb6 14. Qc2 Ne8 15. Bc3 Nc7 16. Bxg7 Kxg7 17. Nxc7 Qxc7 18. Bxa6 Rxa6 19. Nd4 Qa5 20. Nc6 Rxc6 21. dxc6 Ne5 22. Qc3 Qxc3 23. bxc3 Nxc6 24. Rfb1 Ra8 25. Rb6 Ne5 26. a5 Nc4 27. Rb5 Ra6 28. Ra4 Ne5 29. Rb6 Ra8 30. a6 c4 31. a7 1-0


[Site "https://www.chess.com"]

[Event "Titled Tuesday Blitz April 26 Early 2022"]
[White "Akrakan"]
[Black "Tasev, Dejan"]
[BlackFideId "936618"]
[WhiteElo "2096"]
[BlackElo "2253"]
[Result "0-1"]
[Round "08"]
[TimeControl "180+1"]
[Date "2022.04.26"]
[WhiteClock "0:01:39"]
[BlackClock "0:01:05"]

1. e4 c6 2. Nc3 d5 3. Qf3 dxe4 4. Nxe4 Nf6 5. Bc4 Nbd7 6. Nxf6+ Nxf6 7. Ne2 e6 8. d4 Be7 9. O-O O-O 10. c3 h6 11. Bd3 Bd6 12. Ng3 Qc7 13. Ne4 Bxh2+ 14. Kh1 Nxe4 15. Qxe4 f5 16. Qe2 Bd6 17. Bd2 Bd7 18. Rae1 Rae8 19. g3 c5 20. Kg2 Bc6+ 21. f3 Bxg3 22. Rd1 cxd4 23. cxd4 Bd6 24. Rh1 Rf6 25. Rdg1 Qb6 26. Bc3 Bd5 27. Kf1 Qc6 28. Rh3 a6 29. Kf2 b5 30. a3 Rc8 31. Bd2 Qb6 32. Bxh6 Rxh6 33. Rxh6 Qxd4+ 34. Kf1 Rc1+ 0-1


[Site "https://www.chess.com"]

[Event "Titled Tuesday Blitz April 26 Early 2022"]
[White "Alekseenko, Kirill"]
[Black "Esipenko, Andrey"]
[WhiteFideId "4135539"]
[BlackFideId "24175439"]
[WhiteElo "2682"]
[BlackElo "2617"]
[Result "1-0"]
[Round "08"]
[TimeControl "180+1"]
[Date "2022.04.26"]
[WhiteClock "0:00:12"]
[BlackClock "0:00:01"]

1. e4 e5 2. Nf3 Nc6 3. Bb5 Nf6 4. d3 Bc5 5. Bxc6 dxc6 6. Qe2 Bd6 7. b3 Be6 8. Bb2 Nd7 9. Nbd2 Qe7 10. O-O O-O-O 11. Nc4 Bxc4 12. bxc4 g5 13. Nd2 h5 14. Rfb1 g4 15. Nf1 Bc5 16. Ne3 Qe6 17. a4 a5 18. Nf5 Rdg8 19. Ba3 h4 20. Bxc5 Nxc5 21. Qe3 b6 22. Re1 Kb7 23. Reb1 Ka7 24. Rf1 Qd7 25. f4 gxf3 26. Rxf3 Ne6 27. Rf2 c5 28. Kh1 Nf4 29. Qf3 Rg5 30. Rd2 Qc6 31. Ne3 Qd7 32. Nd5 Ne6 33. Rf1 Rg7 34. Qf6 Rh5 35. Rdf2 Kb7 36. Rf5 Rh8 37. Qxe5 Qxa4 38. Rxf7 Rxf7 39. Rxf7 Qxc2 40. Ne3 Qxd3 41. Qxh8 Qxe3 42. Qa1 h3 43. Qf1 a4 44. Rf3 Qxe4 45. Rxh3 Nd4 46. Rg3 Ka7 47. h3 Ka6 48. Ra3 1-0


[Site "https://www.chess.com"]

[Event "Titled Tuesday Blitz April 26 Early 2022"]
[White "Andreikin, Dmitry"]
[Black "Martinez Alcantara, Jose Eduardo"]
[WhiteFideId "4158814"]
[BlackFideId "3805662"]
[WhiteElo "2736"]
[BlackElo "2690"]
[Result "1/2-1/2"]
[Round "08"]
[TimeControl "180+1"]
[Date "2022.04.26"]
[WhiteClock "0:01:25"]
[BlackClock "0:00:15"]

1. d4 Nf6 2. c4 e6 3. Nf3 Bb4+ 4. Bd2 Qe7 5. Bc3 b6 6. e3 Bb7 7. Bd3 O-O 8. O-O c5 9. a3 Bxc3 10. Nxc3 d6 11. Re1 h6 12. b4 Nbd7 13. Bf1 Rfc8 14. Qd2 Ne4 15. Nxe4 Bxe4 16. Rad1 Nf6 17. dxc5 dxc5 18. Ne5 Rd8 19. Qb2 Qc7 20. f3 Bb7 21. b5 Ne8 22. Ng4 Rxd1 23. Rxd1 Rd8 24. Rd2 Rxd2 25. Qxd2 Qd6 26. Qxd6 Nxd6 27. e4 h5 28. Ne3 f6 29. Kf2 g5 30. Nd1 Kf7 31. a4 a5 32. Ke3 Ke7 33. Kd2 f5 34. exf5 exf5 35. Bd3 Kf6 36. Nf2 Bc8 37. g3 f4 38. gxf4 gxf4 39. Be2 Bf5 40. Kc3 Ke5 41. Bd3 Bxd3 42. Nxd3+ Kf5 43. h4 Nf7 44. Kd2 Nd6 45. Kc3 Nf7 46. Kd2 Ne5 47. Nxe5 Kxe5 48. Kd3 Kf5 49. Kc3 Ke5 50. Kd3 Kf5 51. Kc3 Ke5 52. Kd3 1/2-1/2


[Site "https://www.chess.com"]

[Event "Titled Tuesday Blitz April 26 Early 2022"]
[White "Antonio, Jorge Carlos"]
[Black "Pham, Tran Gia Phuc"]
[WhiteFideId "113190"]
[BlackFideId "12415669"]
[WhiteElo "2247"]
[BlackElo "1789"]
[Result "0-1"]
[Round "08"]
[TimeControl "180+1"]
[Date "2022.04.26"]
[WhiteClock "0:00:14"]
[BlackClock "0:00:57"]

1. d4 Nf6 2. Nf3 c5 3. Bf4 cxd4 4. Qxd4 Nc6 5. Qd1 e5 6. Bg5 e4 7. Nfd2 d5 8. Bxf6 Qxf6 9. e3 Qxb2 10. Nb3 Bb4+ 11. N1d2 a5 12. Rb1 Qf6 13. Bb5 O-O 14. O-O Ne5 15. Nd4 Bc3 16. Ne2 Bb4 17. c4 Bxd2 18. Qxd2 dxc4 19. Nd4 Be6 20. Rfc1 Rfc8 21. a4 Nd3 22. Rf1 c3 23. Qc2 Bd5 24. Bxd3 exd3 25. Qxd3 Bc4 26. Qf5 Bxf1 27. Qxf6 gxf6 28. Kxf1 Rc4 29. Ke2 Rxa4 30. Rxb7 Rb4 31. Rc7 a4 32. Kd3 a3 33. Kxc3 a2 34. Nc2 Rb1 35. g3 Rc1 36. Kb2 Rxc2+ 37. Rxc2 a1=Q+ 38. Kb3 0-1


[Site "https://www.chess.com"]